 Dungeon Crawl Stone Soup version 0.31-a0-237-g2d982f9f85 (webtiles) character file.

Game seed: 17335110725887950774

175 qw the Shooter (level 5, -4/31 HPs)
             Began as a Gargoyle Hexslinger on July 11, 2023.
             Slain by a kobold brigand
             ... wielding a +0 club
              (5 damage)
             ... in a sewer.
             The game lasted 00:01:14 (1978 turns).

qw the Shooter (Gargoyle Hexslinger)                Turns: 1978, Time: 00:01:14

Health: -4/31      AC: 11    Str: 11    XL:     5   Next: 55%
Magic:  6/6        EV: 10    Int: 14    God:
Gold:   34         SH:  0    Dex: 14    Spells: 5/6 levels left

rFire   . . .        Y - +1 sling
rCold   . . .        (no shield)
rNeg    + . .        d - +0 ring mail
rPois   inf          (no helmet)
rElec   +            b - +1 cloak
rCorr   .            (no gloves)
SInv    .            (no boots)
Will    .....        (no amulet)
Stlth   +            (no ring)
HPRegen 0.25/turn    (no ring)
MPRegen 0.10/turn

%: no passive effects
@: no status effects
A: sickness immunity, AC +4, negative energy resistance 1, electricity
resistance, torment resistance 1, petrification resistance
a: no special abilities


You were in a sewer.
You visited 1 branch of the dungeon, and saw 3 of its levels.
You also visited: Sewer.

You collected 101 gold pieces.
You spent 67 gold pieces at shops.


Innate Abilities, Weirdness & Mutations

You are immune to sickness and miasma.
Your stone body is resilient. (AC +4)
You are immune to poison.
You resist negative energy. (rN+)
You are resistant to electric shocks. (rElec)
You are resistant to unholy torment.
You are immune to petrification.


   Skills:
 + Level 2.5 Fighting
 - Level 5.0 Ranged Weapons
 - Level 1.0 Armour
 - Level 1.5 Dodging
 - Level 1.0 Spellcasting
 - Level 2.6 Hexes


You had 5 spell levels left.
You knew the following spells:

 Your Spells              Type           Power      Damage    Failure   Level
a - Slow                  Hex            32%        N/A       21%         1

Your spell library contained the following spells:

 Spells                   Type           Power      Damage    Failure   Level
 Inner Flame              Hex/Fire       4%         N/A       71%         3
 Portal Projectile        Hex/Tloc       8%         N/A       71%         3
 Cause Fear               Hex            4%         N/A       90%         4

Inventory:

Hand Weapons
 Y - a +1 sling (weapon)
Armour
 b - a +1 cloak (worn)
 d - a +0 ring mail (worn)
Scrolls
 h - a scroll of identify
Potions
 e - a potion of might
 i - 2 potions of curing

Dungeon Overview and Level Annotations

Branches:
Dungeon (3/15)              Sewer (1/1)

Altars:

Shops:
D:2 *:*


Message History

You shoot a sling bullet.
The sling bullet barely misses the kobold brigand.
The kobold brigand splashes around in the water.
The kobold hits you but does no damage.
The kobold brigand splashes around in the water.
The kobold brigand hits you with a +0 dagger.
You shoot a sling bullet.
The sling bullet hits the kobold brigand but does no damage.
The kobold brigand is heavily wounded.
The kobold hits you with a +0 dagger.
The kobold brigand completely misses you.
The kobold brigand hits you but does no damage.
The kobold hits you but does no damage.
You shoot a sling bullet.
The sling bullet hits the kobold brigand.
The kobold brigand is severely wounded.
The kobold brigand hits you with a +0 club.
The kobold brigand hits you with a +0 dagger.
The kobold hits you but does no damage.
The kobold brigand splashes around in the water.
You shoot a sling bullet.
The sling bullet closely misses the kobold brigand.
The kobold brigand closely misses you. The kobold hits you but does no damage.
The kobold brigand closely misses you.
The kobold brigand hits you but does no damage.
You shoot a sling bullet.
The sling bullet misses the kobold brigand.
The kobold barely misses you.
The kobold brigand hits you with a +0 club!
The kobold brigand hits you but does no damage.
The kobold hits you but does no damage.
You shoot a sling bullet.
The sling bullet closely misses the kobold brigand.
The kobold brigand hits you but does no damage. x2
The kobold hits you but does no damage.
You shoot a sling bullet.
The sling bullet hits the kobold brigand but does no damage.
The kobold brigand is severely wounded.
The kobold brigand hits you with a +0 club.
You die...

... .. ####.####
#..~.~~.# #..~~~.K#
#~~~~~KK# #~~~~~KK#
#~~~~~K@# #.~~~~~~#
#..~~~~~#
#.~~~~..################
#.~~~~~~~~~~~~~~~~~~~~~~
#.~~~~.~################
##.~~~.## #.~~~.#
###.~~~.#


You could see 2 kobold brigands and 4 kobolds.

Vanquished Creatures
  3 gnolls
  3 river rats
  2 worms
  2 dart slugs (D:3)
  8 ball pythons
  4 endoplasms
  5 giant cockroaches
  10 goblins
  5 hobgoblins
  17 jackals
  7 kobolds
  8 quokkas
  8 bats
  14 frilled lizards
  10 rats
106 creatures vanquished.

Notes
Turn   | Place    | Note
-------+----------+-------------------------------------------
     0 | D:1      | qw the Gargoyle Hexslinger began the quest for the Orb.
     0 | D:1      | Reached XP level 1. HP: 12/12 MP: 2/2
     0 | D:1      | 0 ||| qw: Version: 0.3-a-52-g30416fa
     0 | D:1      | 0 ||| qw: Game counter: 5824
     0 | D:1      | 0 ||| qw: Melee chars always use a shield: true
     0 | D:1      | 0 ||| qw: God list: Okawaru
     0 | D:1      | 0 ||| qw: Allow faded altars: false
     0 | D:1      | 0 ||| qw: Do Orc after clearing Dungeon:15 true
     0 | D:1      | 0 ||| qw: Do second Lair branch before Depths: true
     0 | D:1      | 0 ||| qw: Lair rune preference: random
     0 | D:1      | 0 ||| qw: Goals: Normal
     0 | D:1      | 0 ||| PLANNING D:1-11
    88 | D:1      | Reached XP level 2. HP: 16/16 MP: 3/3
   102 | D:1      | Reached skill level 3 in Ranged Weapons
   236 | D:1      | Reached XP level 3. HP: 21/21 MP: 4/4
   645 | D:1      | Reached XP level 4. HP: 27/27 MP: 5/5
   856 | D:1      | 856 ||| UPGRADING to +0 ring mail.
   866 | D:1      | 866 ||| DROPPING +0 robe.
   867 | D:1      | 867 ||| READING 2 scrolls labelled BUIFUI IRUIB.
   868 | D:1      | 868 ||| READING scroll labelled WIOMUJ VAIG.
   869 | D:1      | 869 ||| READING scroll labelled LUAMOH OPAGH.
   870 | D:1      | 870 ||| DROPPING scroll of poison.
   921 | D:2      | Found Vasisuhi's General Store.
   935 | D:2      | 935 ||| BUYING potion of heal wounds (50 gold).
   935 | D:2      | Bought a potion of heal wounds for 50 gold pieces
   935 | D:2      | 935 ||| SHOPLISTING scroll of identify (20 gold, have 12).
   935 | D:2      | 935 ||| SHOPLISTING scroll of teleportation (30 gold, have
                  | 12).
   995 | D:2      | Found Zeceumoe's Book Boutique.
  1187 | D:2      | Found Binaj's Assorted Antiques.
  1199 | D:2      | 1199 ||| BUYING fizzy black potion (17 gold).
  1199 | D:2      | Bought a fizzy black potion for 17 gold pieces
  1199 | D:2      | 1199 ||| SHOPLISTING fizzy black potion (17 gold, have 14).
  1199 | D:2      | 1199 ||| SHOPLISTING potion of heal wounds (95 gold, have
                  | 14).
  1199 | D:2      | 1199 ||| SHOPLISTING scratched glass ring (95 gold, have
                  | 14).
  1199 | D:2      | 1199 ||| SHOPLISTING shiny gilded ring (95 gold, have 14).
  1245 | D:2      | Reached skill level 4 in Ranged Weapons
  1284 | D:2      | Reached skill level 1 in Armour
  1337 | D:2      | 1337 ||| READING 2 scrolls labelled CUZXUS MUGRUR.
  1342 | D:2      | 1342 ||| READING 2 scrolls labelled OROAROZ ZOANU.
  1343 | D:2      | 1343 ||| READING scroll labelled TIUVUR MEGA.
  1344 | D:2      | 1344 ||| READING scroll labelled UQUEDGH UZYOMP.
  1345 | D:2      | 1345 ||| DRINKING 3 fizzy black potions.
  1346 | D:2      | 1346 ||| READING 2 scrolls of identify.
  1346 | D:2      | 1346 ||| IDENTIFYING metallic sapphire potion
  1347 | D:2      | 1347 ||| DROPPING potion of degeneration.
  1348 | D:2      | 1348 ||| DROPPING scroll of fog.
  1356 | D:3      | 1356 ||| PLANNING SEWER
  1540 | D:3      | 1540 ||| Stepping ~*~*~tactically~*~*~ (outnumbered).
  1553 | D:3      | HP: 1/27 [gnoll/sling bullet (6)]
  1554 | D:3      | Reached XP level 5. HP: 2/31 MP: 6/6
  1554 | D:3      | 1554 ||| READING scroll of teleportation.
  1555 | D:3      | 1555 ||| DRINKING potion of heal wounds.
  1616 | D:3      | Found a faded altar of an unknown god.
  1811 | D:3      | Found a glowing drain.
  1812 | D:3      | 1812 ||| Stepping ~*~*~tactically~*~*~ (water).
  1883 | D:3      | 1883 ||| UPGRADING to +0 cloak.
  1888 | D:3      | 1888 ||| READING scroll of enchant armour.
  1888 | D:3      | 1888 ||| ENCHANTING +0 cloak.
  1889 | D:3      | 1889 ||| READING 3 scrolls of identify.
  1889 | D:3      | 1889 ||| IDENTIFYING bubbling coppery potion
  1890 | D:3      | 1890 ||| READING 2 scrolls of identify.
  1890 | D:3      | 1890 ||| IDENTIFYING brown potion
  1891 | D:3      | 1891 ||| DROPPING potion of ambrosia.
  1895 | Sewer    | Entered a sewer
  1902 | Sewer    | Reached skill level 5 in Ranged Weapons
  1957 | Sewer    | Noticed a kobold brigand
  1957 | Sewer    | 1957 ||| Stepping ~*~*~tactically~*~*~ (water).
  1958 | Sewer    | Noticed a kobold brigand
  1974 | Sewer    | HP: 7/31 [kobold brigand/+0 dagger (4)]
  1976 | Sewer    | HP: 1/31 [kobold brigand/+0 club (7)]
  1978 | Sewer    | Slain by a kobold brigand

Levels and vault maps discovered:
D:1:      amcnicky_arrival_wind_blow, layout_loops_ring, st_stairs_1,
          solitary_fountain, minmay_small_reverse_x
D:2:      layout_rooms, serial_shops, nicolae_lakefront_shop,
          nicolae_shop_statue_plus, nicolae_shop_tiny_glass, minmay_lizard_pond
D:3:      layout_basic, portal_sewer_entry_e, dreamdust_ecumenical_altar_statues
Sewer:    sewer_kobolds

Skill      XL: |  1  2  3  4  5 |
---------------+----------------+-----
Ranged Weapons | 3 4 5 |  5.0
Fighting       | 2 |  2.5
Armour         | 1 |  1.0
Dodging        | |  1.5
Spellcasting   | |  1.0
Hexes          | |  2.6

Action                     |  1- 3 |  4- 6 || total
---------------------------+-------+-------++-------
   Fire: Sling             |   124 |   219 ||   343
    Use: Scroll            |       |    12 ||    12
         Potion            |       |     2 ||     2
 Armour: Robe              |    27 |    11 ||    38
         Ring mail         |       |    98 ||    98
  Dodge: Dodged            |    66 |    95 ||   161

Table legend:
 A = Non-vault XP
 B = Vault XP
 C = Vault XP percentage of total XP
 D = Non-vault monster count
 E = Vault monster count
 F = Vault count percentage of total count
                 A         B        C        D         E       F
            +---------+---------+-------+---------+---------+-------
      Total |     175 |      76 |  30.3 |      76 |      30 |  28.3
            +---------+---------+-------+---------+---------+-------
        D:1 |      80 |       9 |  10.1 |      38 |       6 |  13.6
        D:2 |      34 |      11 |  24.4 |      19 |      11 |  36.7
        D:3 |      61 |      39 |  39.0 |      19 |       8 |  29.6
      Sewer |       0 |      17 | 100.0 |       0 |       5 | 100.0
            +---------+---------+-------+---------+---------+-------
